Thrashers vs Senators

Created - February 14 2011 at 17:34

Goals
1 2 3 T
Thrashers 1 1 4 6
Senators 2 0 2 4
Shots
1 2 3 T
Thrashers 7 9 17 33
Senators 11 16 11 38

Period #1

1. Thrashers , Brenden Morrow 10 (Marc Staal, Sergei Gonchar) at 3:13 (PP)
2. Senators , Daniel Briere 24 (Marian Gaborik, Jason Spezza) at 9:03 (PP)
3. Senators , Sergei Kostitsyn 5 (Jaroslav Spacek, Patrick Dwyer) at 13:27

Penalties :
David Jones (OTT) for Slashing (Minor) at 1:20, Filip Kuba (OTT) for Hooking (Minor) at 2:03, Ryan Callahan (ATL) for Hooking (Minor) at 2:03, Dion Phaneuf (OTT) for High sticking (Minor) at 3:18, Milan Michalek (OTT) for Interference (Minor) at 5:58, Sergei Gonchar (ATL) for Interference (Minor) at 8:31, Karlis Skrastins (OTT) for Interference (Minor) at 9:12, Milan Michalek (OTT) for Diving (Minor) at 14:44, Sergei Kostitsyn (OTT) for Hooking (Minor) at 19:57

Period #2

4. Thrashers , Marc Staal 10 (Antoine Vermette, Sergei Gonchar) at 1:34 (PP)

Penalties :
Karlis Skrastins (OTT) for Roughing (Minor) at 0:21, Trevor Daley (OTT) for Hooking (Minor) at 0:42, James Wisniewski (ATL) for Hooking (Minor) at 1:51, Benoit Pouliot (ATL) for High sticking (Minor) at 4:36, Brad Boyes (ATL) for Slashing (Double Minor) at 6:43, Antoine Vermette (ATL) for Roughing (Minor) at 10:38, James Wisniewski (ATL) for Boarding (Minor) at 13:46, Brenden Morrow (ATL) for Hooking (Minor) at 18:37, Filip Kuba (OTT) for Holding (Minor) at 19:57

Period #3

5. Thrashers , Dave Bolland 7 (Ryan Malone, Ryan Suter) at 4:50
6. Senators , Milan Michalek 15 (Jay Bouwmeester, Marian Gaborik) at 5:22
7. Thrashers , Mike Ribeiro 17 (Brenden Morrow) at 5:58
8. Senators , Dion Phaneuf 20 (Chris Stewart, Sidney Crosby) at 6:06
9. Thrashers , Nik Antropov 19 (Ryan Callahan, Antoine Vermette) at 6:26
10. Thrashers , Dave Bolland 8 (Ryan Malone, Ryan Suter) at 11:40

Penalties :
Marc Staal (ATL) for Hooking (Minor) at 13:01, Mark Giordano (ATL) for Hooking (Minor) at 16:18

Goalie Stats

Roberto Luongo (ATL), 34 saves from 38 shots - (0.895), W, 34-19-3, 60:00 minutes
Carey Price (OTT), 10 saves from 11 shots - (0.909), 13:34 minutes
Brian Elliott (OTT), 17 saves from 22 shots - (0.773), L, 6-7-1, 46:26 minutes

Players Stats

Thrashers
Player Name              G  A  P  +/- PIM S  H  SB FO    MP 
------------------------------------------------------------
Alex Goligoski           0  0  0  -2  0   0  0  0  0/0   5  
Antoine Vermette         0  2  2  -1  2   5  0  0  10/21 24 
Benoit Pouliot           0  0  0  -2  2   0  0  0  0/0   5  
Brad Boyes               0  0  0   1  4   1  0  0  1/1   12 
Brenden Morrow           1  1  2   1  2   1  5  0  2/5   21 
Christian Ehrhoff        0  0  0   1  0   2  1  1  0/0   23 
Dave Bolland             2  0  2   1  0   4  0  0  8/17  10 
James Wisniewski         0  0  0   1  4   3  3  2  0/0   20 
Marc Staal               1  1  2   1  2   2  1  1  0/0   21 
Mark Giordano            0  0  0   1  2   0  2  2  0/0   8  
Martin Erat              0  0  0   1  0   3  0  0  2/3   16 
Mike Ribeiro             1  0  1   1  0   3  0  0  7/25  16 
Nik Antropov             1  0  1   1  0   3  0  0  16/31 21 
Rene Bourque             0  0  0  -2  0   1  0  0  1/3   10 
Ryan Callahan            0  1  1   1  2   1  1  0  0/0   11 
Ryan Malone              0  2  2   1  0   1  1  0  1/2   18 
Ryan Suter               0  2  2   1  0   2  1  1  0/0   16 
Sergei Gonchar           0  2  2  -1  2   1  1  6  0/0   24 
Senators
Player Name              G  A  P  +/- PIM S  H  SB FO    MP 
------------------------------------------------------------
Chris Stewart            0  1  1   0  0   2  0  0  1/1   18 
Daniel Briere            1  0  1  -1  0   3  1  0  0/1   14 
David Jones              0  0  0  -1  2   1  0  0  0/2   10 
David Steckel            0  0  0   0  0   1  0  0  15/20 12 
Dion Phaneuf             1  0  1   0  2   5  2  6  0/0   20 
Filip Kuba               0  0  0   0  4   0  0  0  0/0   20 
Guillaume Latendresse    0  0  0   0  0   0  2  0  0/1   12 
Jaroslav Spacek          0  1  1  -1  0   1  2  1  0/0   15 
Jason Spezza             0  1  1   0  0   3  2  0  14/24 16 
Jay Bouwmeester          0  1  1   0  0   1  0  1  0/0   22 
Jordan Staal             0  0  0  -1  0   4  3  1  13/25 13 
Karlis Skrastins         0  0  0  -1  4   0  1  0  0/0   18 
Marian Gaborik           0  2  2   0  0   7  2  0  1/2   17 
Milan Michalek           1  0  1   0  4   2  0  0  2/4   16 
Patrick Dwyer            0  1  1   0  0   2  1  0  1/1   12 
Sergei Kostitsyn         1  0  1   0  2   1  1  1  0/0   5  
Sidney Crosby            0  1  1   0  0   5  1  0  13/27 19 
Trevor Daley             0  0  0   0  2   0  0  2  0/0   22 

3 Stars

1 - Dave Bolland (ATL)
2 - Brenden Morrow (ATL)
3 - Marc Staal (ATL)

Power Play

Thrashers - 2 on 9 Attempt(s) - 22.22%
Senators - 1 on 9 Attempt(s) - 11.11%

Penalty Kill

Thrashers - 8 on 9 Attempt(s) - 88.89% - Score 0 goal in Penalty Kill
Senators - 7 on 9 Attempt(s) - 77.78% - Score 0 goal in Penalty Kill

Game Notes

Carey Price enters game at 6:26 of 3rd period

Finance

Level 1 -- Attendance: 4730 (72.77%) -- Ticket Income $473,000.00
Level 2 -- Attendance: 3850 (77.00%) -- Ticket Income $231,000.00
Level 3 -- Attendance: 2979 (85.11%) -- Ticket Income $104,265.00
Level 4 -- Attendance: 1455 (46.15%) -- Ticket Income $43,650.00
Luxury Box -- Attendance: 690 (69.00%) -- Ticket Income $172,500.00
Game was played at the Scotiabank Place
Total Attendance: 13704 (71.55%)
Total Ticket Income: $1,035,125.00
Other Income: $209,496.00
Total Income: $1,244,620.00


Play by Play

Period #1

0:01 of 1st period - Sidney Crosby wins face-off versus Nik Antropov in neutral zone.
0:03 of 1st period - Off-side.
0:04 of 1st period - Nik Antropov wins face-off versus Jason Spezza in neutral zone.
1:02 of 1st period - Icing by Chris Stewart.
1:03 of 1st period - Sidney Crosby wins face-off versus Mike Ribeiro in Senators zone.
1:03 of 1st period - Dion Phaneuf is hit by Brenden Morrow and loses puck.
1:12 of 1st period - Shot by Sidney Crosby.
1:12 of 1st period - Stopped by Roberto Luongo without a rebound.
1:13 of 1st period - Dave Bolland wins face-off versus David Jones in Thrashers zone.
1:13 of 1st period - Dave Bolland is hit by Jordan Staal.
1:20 of 1st period - Minor Penalty to David Jones for Slashing.
1:21 of 1st period - Mike Ribeiro wins face-off versus Jordan Staal in Senators zone.
1:56 of 1st period - Shot by James Wisniewski.
1:56 of 1st period - Stopped by Brian Elliott without a rebound.
1:57 of 1st period - Nik Antropov wins face-off versus David Steckel in Senators zone.
2:03 of 1st period - Minor Penalty to Filip Kuba for Hooking.
2:03 of 1st period - Minor Penalty to Ryan Callahan for Hooking.
2:04 of 1st period - Nik Antropov wins face-off versus David Steckel in Senators zone.
3:13 of 1st period - Shot by Brenden Morrow.
3:13 of 1st period - Goal by Brenden Morrow - Thrashers : 1 - Senators : 0.
3:14 of 1st period - Nik Antropov wins face-off versus Sidney Crosby in neutral zone.
3:18 of 1st period - Minor Penalty to Dion Phaneuf for High sticking.
3:19 of 1st period - Jordan Staal wins face-off versus Antoine Vermette in Senators zone.
4:18 of 1st period - Shot by Mike Ribeiro.
4:18 of 1st period - Shot Misses the Net.
4:20 of 1st period - Shot by Christian Ehrhoff.
4:20 of 1st period - Stopped by Brian Elliott without a rebound.
4:21 of 1st period - Nik Antropov wins face-off versus Jordan Staal in Senators zone.
4:30 of 1st period - Shot by Nik Antropov.
4:30 of 1st period - Shot Misses the Net.
4:32 of 1st period - Shot by Marc Staal.
4:32 of 1st period - Stopped by Brian Elliott without a rebound.
4:33 of 1st period - David Steckel wins face-off versus Mike Ribeiro in Senators zone.
4:44 of 1st period - Christian Ehrhoff is hit by Patrick Dwyer and loses puck.
5:25 of 1st period - Shot by Jason Spezza.
5:25 of 1st period - Shot Misses the Net.
5:58 of 1st period - Minor Penalty to Milan Michalek for Interference.
5:59 of 1st period - Jordan Staal wins face-off versus Brenden Morrow in Senators zone.
5:59 of 1st period - Jordan Staal is hit by Brenden Morrow.
6:16 of 1st period - Icing by Sergei Gonchar.
6:17 of 1st period - Brenden Morrow wins face-off versus Jordan Staal in Thrashers zone.
7:05 of 1st period - Shot by Christian Ehrhoff.
7:05 of 1st period - Stopped by Brian Elliott without a rebound.
7:06 of 1st period - David Steckel wins face-off versus Brenden Morrow in Senators zone.
8:27 of 1st period - Shot by Sidney Crosby.
8:27 of 1st period - Stopped by Roberto Luongo without a rebound.
8:28 of 1st period - Jason Spezza wins face-off versus Antoine Vermette in Thrashers zone.
8:31 of 1st period - Shot by Marian Gaborik.
8:31 of 1st period - Stopped by Roberto Luongo without a rebound.
8:31 of 1st period - Minor Penalty to Sergei Gonchar for Interference.
8:32 of 1st period - Jason Spezza wins face-off versus Antoine Vermette in Thrashers zone.
8:37 of 1st period - Shot by Dion Phaneuf.
8:37 of 1st period - Stopped by Roberto Luongo without a rebound.
8:38 of 1st period - Jason Spezza wins face-off versus Antoine Vermette in Thrashers zone.
9:03 of 1st period - Shot by Marian Gaborik.
9:03 of 1st period - Deflect By Daniel Briere.
9:03 of 1st period - Goal by Daniel Briere - Thrashers : 1 - Senators : 1.
9:04 of 1st period - Antoine Vermette wins face-off versus David Steckel in neutral zone.
9:04 of 1st period - Rene Bourque is hit by Sergei Kostitsyn and loses puck.
9:12 of 1st period - Minor Penalty to Karlis Skrastins for Interference.
9:13 of 1st period - David Steckel wins face-off versus Mike Ribeiro in Senators zone.
9:39 of 1st period - Shot by Mike Ribeiro.
9:39 of 1st period - Shot Misses the Net.
9:41 of 1st period - Shot by James Wisniewski.
9:41 of 1st period - Shot Blocked by Jaroslav Spacek.
10:53 of 1st period - David Jones is hit by Brenden Morrow and loses puck.
11:39 of 1st period - Shot by Dave Bolland.
11:39 of 1st period - Shot Misses the Net.
12:42 of 1st period - Shot by Sidney Crosby.
12:42 of 1st period - Shot Misses the Net.
12:44 of 1st period - Shot by Guillaume Latendresse.
12:44 of 1st period - Shot Misses the Net.
12:50 of 1st period - Shot by Chris Stewart.
12:50 of 1st period - Shot Blocked by Sergei Gonchar.
13:27 of 1st period - Shot by Sergei Kostitsyn.
13:27 of 1st period - Goal by Sergei Kostitsyn - Thrashers : 1 - Senators : 2.
13:28 of 1st period - Dave Bolland wins face-off versus David Jones in neutral zone.
14:28 of 1st period - Icing by James Wisniewski.
14:29 of 1st period - Marian Gaborik wins face-off versus Mike Ribeiro in Thrashers zone.
14:44 of 1st period - Minor Penalty to Milan Michalek for Diving.
14:45 of 1st period - Patrick Dwyer wins face-off versus Nik Antropov in Senators zone.
15:37 of 1st period - Icing by Christian Ehrhoff.
15:38 of 1st period - Jordan Staal wins face-off versus Martin Erat in Thrashers zone.
15:43 of 1st period - Shot by Jordan Staal.
15:43 of 1st period - Stopped by Roberto Luongo with a rebound.
16:07 of 1st period - Icing by Christian Ehrhoff.
16:08 of 1st period - David Steckel wins face-off versus Mike Ribeiro in Thrashers zone.
16:27 of 1st period - Shot by Nik Antropov.
16:27 of 1st period - Stopped by Brian Elliott without a rebound.
16:28 of 1st period - Jordan Staal wins face-off versus Nik Antropov in Senators zone.
16:43 of 1st period - Shot by Sergei Gonchar.
16:43 of 1st period - Shot Misses the Net.
16:45 of 1st period - Shot by Benoit Pouliot.
16:45 of 1st period - Shot Misses the Net.
16:47 of 1st period - Shot by Antoine Vermette.
16:47 of 1st period - Shot Blocked by Dion Phaneuf.
16:49 of 1st period - Shot by Rene Bourque.
16:49 of 1st period - Shot Misses the Net.
17:23 of 1st period - Icing by Dion Phaneuf.
17:24 of 1st period - Dave Bolland wins face-off versus Sidney Crosby in Senators zone.
17:24 of 1st period - Dave Bolland is hit by Dion Phaneuf.
17:53 of 1st period - Brad Boyes is hit by Dion Phaneuf and loses puck.
18:19 of 1st period - Icing by James Wisniewski.
18:20 of 1st period - Jordan Staal wins face-off versus Mike Ribeiro in Thrashers zone.
18:23 of 1st period - Shot by Jordan Staal.
18:23 of 1st period - Stopped by Roberto Luongo without a rebound.
18:24 of 1st period - Jason Spezza wins face-off versus Nik Antropov in Thrashers zone.
18:49 of 1st period - Shot by Filip Kuba.
18:49 of 1st period - Shot Misses the Net.
19:10 of 1st period - Marian Gaborik is hit by Brenden Morrow and loses puck.
19:19 of 1st period - Shot by Mike Ribeiro.
19:19 of 1st period - Stopped by Brian Elliott without a rebound.
19:20 of 1st period - Brad Boyes wins face-off versus Jordan Staal in Senators zone.
19:29 of 1st period - Shot by Jordan Staal.
19:29 of 1st period - Shot Blocked by Ryan Suter.
19:33 of 1st period - Shot by Jordan Staal.
19:33 of 1st period - Stopped by Roberto Luongo with a rebound.
19:37 of 1st period - Shot by Daniel Briere.
19:37 of 1st period - Stopped by Roberto Luongo without a rebound.
19:38 of 1st period - David Steckel wins face-off versus Mike Ribeiro in Thrashers zone.
19:38 of 1st period - David Steckel is hit by James Wisniewski.
19:40 of 1st period - Shot by Jaroslav Spacek.
19:40 of 1st period - Stopped by Roberto Luongo with a rebound.
19:57 of 1st period - Minor Penalty to Sergei Kostitsyn for Hooking.
19:58 of 1st period - Jordan Staal wins face-off versus Nik Antropov in Senators zone.

Period #2

0:01 of 2nd period - Nik Antropov wins face-off versus Jordan Staal in neutral zone.
0:06 of 2nd period - Shot by Antoine Vermette.
0:06 of 2nd period - Shot Blocked by Trevor Daley.
0:08 of 2nd period - Shot by Ryan Callahan.
0:08 of 2nd period - Stopped by Brian Elliott without a rebound.
0:09 of 2nd period - David Steckel wins face-off versus Mike Ribeiro in Senators zone.
0:21 of 2nd period - Minor Penalty to Karlis Skrastins for Roughing.
0:22 of 2nd period - David Steckel wins face-off versus Nik Antropov in Senators zone.
0:41 of 2nd period - Shot by Antoine Vermette.
0:41 of 2nd period - Stopped by Brian Elliott without a rebound.
0:42 of 2nd period - Mike Ribeiro wins face-off versus Jordan Staal in Senators zone.
0:42 of 2nd period - Minor Penalty to Trevor Daley for Hooking.
0:43 of 2nd period - Jordan Staal wins face-off versus Mike Ribeiro in Senators zone.
0:56 of 2nd period - Shot by Mike Ribeiro.
0:56 of 2nd period - Shot Misses the Net.
0:58 of 2nd period - Shot by James Wisniewski.
0:58 of 2nd period - Stopped by Brian Elliott with a rebound.
1:00 of 2nd period - Shot by Martin Erat.
1:00 of 2nd period - Stopped by Brian Elliott without a rebound.
1:01 of 2nd period - Nik Antropov wins face-off versus Jordan Staal in Senators zone.
1:14 of 2nd period - Shot by Antoine Vermette.
1:14 of 2nd period - Stopped by Brian Elliott with a rebound.
1:16 of 2nd period - Shot by Antoine Vermette.
1:16 of 2nd period - Shot Blocked by Dion Phaneuf.
1:20 of 2nd period - Shot by Sergei Gonchar.
1:20 of 2nd period - Shot Misses the Net.
1:24 of 2nd period - Shot by Nik Antropov.
1:24 of 2nd period - Shot Blocked by Dion Phaneuf.
1:30 of 2nd period - Shot by Antoine Vermette.
1:30 of 2nd period - Shot Misses the Net.
1:32 of 2nd period - Shot by Marc Staal.
1:32 of 2nd period - Shot Blocked by Dion Phaneuf.
1:34 of 2nd period - Shot by Marc Staal.
1:34 of 2nd period - Goal by Marc Staal - Thrashers : 2 - Senators : 2.
1:35 of 2nd period - Martin Erat wins face-off versus David Steckel in neutral zone.
1:51 of 2nd period - Shot by David Steckel.
1:51 of 2nd period - Stopped by Roberto Luongo without a rebound.
1:51 of 2nd period - Minor Penalty to James Wisniewski for Hooking.
1:52 of 2nd period - Nik Antropov wins face-off versus Jordan Staal in Thrashers zone.
2:07 of 2nd period - Shot by Nik Antropov.
2:07 of 2nd period - Stopped by Brian Elliott without a rebound.
2:08 of 2nd period - David Steckel wins face-off versus Antoine Vermette in Senators zone.
3:14 of 2nd period - Shot by Dion Phaneuf.
3:14 of 2nd period - Stopped by Roberto Luongo without a rebound.
3:15 of 2nd period - Sidney Crosby wins face-off versus Antoine Vermette in Thrashers zone.
3:18 of 2nd period - Shot by Jay Bouwmeester.
3:18 of 2nd period - Shot Misses the Net.
3:27 of 2nd period - Icing by Sidney Crosby.
3:28 of 2nd period - Antoine Vermette wins face-off versus Sidney Crosby in Senators zone.
4:04 of 2nd period - Patrick Dwyer is hit by Ryan Suter and loses puck.
4:09 of 2nd period - Shot by Sergei Kostitsyn.
4:09 of 2nd period - Shot Blocked by Mark Giordano.
4:36 of 2nd period - Minor Penalty to Benoit Pouliot for High sticking.
4:37 of 2nd period - Antoine Vermette wins face-off versus Jason Spezza in Thrashers zone.
4:37 of 2nd period - Antoine Vermette is hit by Daniel Briere.
4:55 of 2nd period - Shot by Marian Gaborik.
4:55 of 2nd period - Stopped by Roberto Luongo without a rebound.
4:56 of 2nd period - Nik Antropov wins face-off versus Sidney Crosby in Thrashers zone.
5:07 of 2nd period - Shot by Jay Bouwmeester.
5:07 of 2nd period - Shot Misses the Net.
5:09 of 2nd period - Shot by Jay Bouwmeester.
5:09 of 2nd period - Shot Misses the Net.
5:11 of 2nd period - Shot by Filip Kuba.
5:11 of 2nd period - Shot Blocked by James Wisniewski.
5:31 of 2nd period - Shot by Filip Kuba.
5:31 of 2nd period - Shot Blocked by Christian Ehrhoff.
5:33 of 2nd period - Shot by Filip Kuba.
5:33 of 2nd period - Shot Misses the Net.
5:35 of 2nd period - Shot by Sidney Crosby.
5:35 of 2nd period - Shot Misses the Net.
5:37 of 2nd period - Shot by Jay Bouwmeester.
5:37 of 2nd period - Shot Misses the Net.
6:21 of 2nd period - Shot by Jason Spezza.
6:21 of 2nd period - Stopped by Roberto Luongo without a rebound.
6:22 of 2nd period - Sidney Crosby wins face-off versus Antoine Vermette in Thrashers zone.
6:31 of 2nd period - Shot by Jay Bouwmeester.
6:31 of 2nd period - Shot Misses the Net.
6:33 of 2nd period - Shot by Milan Michalek.
6:33 of 2nd period - Stopped by Roberto Luongo without a rebound.
6:34 of 2nd period - Jason Spezza wins face-off versus Antoine Vermette in Thrashers zone.
6:43 of 2nd period - Double Minor Penalty to Brad Boyes for Slashing.
6:44 of 2nd period - Antoine Vermette wins face-off versus Jason Spezza in Thrashers zone.
6:44 of 2nd period - Antoine Vermette is hit by Jason Spezza.
7:00 of 2nd period - Antoine Vermette is hit by Marian Gaborik and loses puck.
7:07 of 2nd period - Shot by Jason Spezza.
7:07 of 2nd period - Stopped by Roberto Luongo without a rebound.
7:08 of 2nd period - Sidney Crosby wins face-off versus Brenden Morrow in Thrashers zone.
7:11 of 2nd period - Shot by Chris Stewart.
7:11 of 2nd period - Shot Blocked by Sergei Gonchar.
7:58 of 2nd period - Icing by Chris Stewart.
7:59 of 2nd period - Nik Antropov wins face-off versus Sidney Crosby in Senators zone.
8:24 of 2nd period - Shot by Jason Spezza.
8:24 of 2nd period - Shot Misses the Net.
8:28 of 2nd period - Shot by Marian Gaborik.
8:28 of 2nd period - Shot Misses the Net.
8:32 of 2nd period - Shot by Jason Spezza.
8:32 of 2nd period - Shot Blocked by Sergei Gonchar.
8:36 of 2nd period - Shot by Daniel Briere.
8:36 of 2nd period - Shot Misses the Net.
9:15 of 2nd period - Shot by Dion Phaneuf.
9:15 of 2nd period - Stopped by Roberto Luongo without a rebound.
9:16 of 2nd period - Sidney Crosby wins face-off versus Ryan Malone in Thrashers zone.
10:38 of 2nd period - Minor Penalty to Antoine Vermette for Roughing.
10:39 of 2nd period - Brenden Morrow wins face-off versus Jason Spezza in Thrashers zone.
10:50 of 2nd period - Shot by Daniel Briere.
10:50 of 2nd period - Stopped by Roberto Luongo without a rebound.
10:51 of 2nd period - Milan Michalek wins face-off versus Nik Antropov in Thrashers zone.
12:07 of 2nd period - Shot by Guillaume Latendresse.
12:07 of 2nd period - Shot Blocked by James Wisniewski.
12:09 of 2nd period - Shot by David Jones.
12:09 of 2nd period - Stopped by Roberto Luongo with a rebound.
12:11 of 2nd period - Shot by Jordan Staal.
12:11 of 2nd period - Stopped by Roberto Luongo without a rebound.
12:12 of 2nd period - Jordan Staal wins face-off versus Dave Bolland in Thrashers zone.
13:35 of 2nd period - Off-side.
13:36 of 2nd period - Jason Spezza wins face-off versus Dave Bolland in neutral zone.
13:41 of 2nd period - Shot by Jason Spezza.
13:41 of 2nd period - Stopped by Roberto Luongo without a rebound.
13:42 of 2nd period - Mike Ribeiro wins face-off versus Jason Spezza in Thrashers zone.
13:46 of 2nd period - Minor Penalty to James Wisniewski for Boarding.
13:47 of 2nd period - Jason Spezza wins face-off versus Nik Antropov in Thrashers zone.
14:45 of 2nd period - Icing by Milan Michalek.
14:46 of 2nd period - Nik Antropov wins face-off versus Sidney Crosby in Senators zone.
15:40 of 2nd period - Shot by Marian Gaborik.
15:40 of 2nd period - Stopped by Roberto Luongo without a rebound.
15:41 of 2nd period - Sidney Crosby wins face-off versus Rene Bourque in Thrashers zone.
16:00 of 2nd period - Shot by Martin Erat.
16:00 of 2nd period - Shot Blocked by Sergei Kostitsyn.
16:31 of 2nd period - Icing by James Wisniewski.
16:32 of 2nd period - Mike Ribeiro wins face-off versus Sidney Crosby in Thrashers zone.
17:15 of 2nd period - Shot by Rene Bourque.
17:15 of 2nd period - Shot Misses the Net.
17:17 of 2nd period - Shot by Sergei Gonchar.
17:17 of 2nd period - Stopped by Brian Elliott without a rebound.
17:18 of 2nd period - Jason Spezza wins face-off versus Dave Bolland in Senators zone.
17:22 of 2nd period - Jay Bouwmeester is hit by Mark Giordano and loses puck.
17:52 of 2nd period - Shot by Marian Gaborik.
17:52 of 2nd period - Stopped by Roberto Luongo without a rebound.
17:53 of 2nd period - Nik Antropov wins face-off versus Jordan Staal in Thrashers zone.
17:53 of 2nd period - Nik Antropov is hit by Jordan Staal.
18:01 of 2nd period - Shot by Antoine Vermette.
18:01 of 2nd period - Stopped by Brian Elliott without a rebound.
18:02 of 2nd period - David Steckel wins face-off versus Antoine Vermette in Senators zone.
18:15 of 2nd period - Shot by Patrick Dwyer.
18:15 of 2nd period - Stopped by Roberto Luongo without a rebound.
18:16 of 2nd period - Jordan Staal wins face-off versus Mike Ribeiro in Thrashers zone.
18:16 of 2nd period - Daniel Briere is hit by Christian Ehrhoff and loses puck.
18:23 of 2nd period - Christian Ehrhoff is hit by Jordan Staal and loses puck.
18:37 of 2nd period - Minor Penalty to Brenden Morrow for Hooking.
18:38 of 2nd period - Nik Antropov wins face-off versus Sidney Crosby in Thrashers zone.
18:38 of 2nd period - Nik Antropov is hit by Sidney Crosby.
18:56 of 2nd period - Shot by Jay Bouwmeester.
18:56 of 2nd period - Stopped by Roberto Luongo without a rebound.
18:57 of 2nd period - Antoine Vermette wins face-off versus Jason Spezza in Thrashers zone.
18:57 of 2nd period - Antoine Vermette is hit by Jason Spezza.
19:15 of 2nd period - Shot by Dion Phaneuf.
19:15 of 2nd period - Stopped by Roberto Luongo without a rebound.
19:16 of 2nd period - Antoine Vermette wins face-off versus Sidney Crosby in Thrashers zone.
19:38 of 2nd period - Shot by Jay Bouwmeester.
19:38 of 2nd period - Shot Misses the Net.
19:54 of 2nd period - Icing by Jay Bouwmeester.
19:55 of 2nd period - Rene Bourque wins face-off versus Sidney Crosby in Senators zone.
19:57 of 2nd period - Minor Penalty to Filip Kuba for Holding.
19:58 of 2nd period - Nik Antropov wins face-off versus Jason Spezza in Senators zone.

Period #3

0:01 of 3rd period - Sidney Crosby wins face-off versus Antoine Vermette in neutral zone.
0:10 of 3rd period - Shot by Sidney Crosby.
0:10 of 3rd period - Stopped by Roberto Luongo with a rebound.
0:41 of 3rd period - Shot by Christian Ehrhoff.
0:41 of 3rd period - Shot Misses the Net.
0:43 of 3rd period - Shot by Mike Ribeiro.
0:43 of 3rd period - Stopped by Brian Elliott without a rebound.
0:44 of 3rd period - David Steckel wins face-off versus Mike Ribeiro in Senators zone.
0:58 of 3rd period - Shot by Martin Erat.
0:58 of 3rd period - Stopped by Brian Elliott without a rebound.
0:59 of 3rd period - David Steckel wins face-off versus Mike Ribeiro in Senators zone.
1:14 of 3rd period - Icing by Christian Ehrhoff.
1:15 of 3rd period - David Steckel wins face-off versus Mike Ribeiro in Thrashers zone.
1:25 of 3rd period - Icing by Christian Ehrhoff.
1:26 of 3rd period - Jordan Staal wins face-off versus Mike Ribeiro in Thrashers zone.
1:26 of 3rd period - Trevor Daley is hit by James Wisniewski and loses puck.
2:10 of 3rd period - Shot by Antoine Vermette.
2:10 of 3rd period - Stopped by Brian Elliott without a rebound.
2:11 of 3rd period - Dave Bolland wins face-off versus Sidney Crosby in Senators zone.
2:18 of 3rd period - Shot by Ryan Malone.
2:18 of 3rd period - Shot Blocked by Dion Phaneuf.
3:02 of 3rd period - Sidney Crosby is hit by Ryan Callahan and loses puck.
3:12 of 3rd period - Icing by Antoine Vermette.
3:13 of 3rd period - Jason Spezza wins face-off versus Nik Antropov in Thrashers zone.
3:23 of 3rd period - Icing by Marc Staal.
3:24 of 3rd period - Jordan Staal wins face-off versus Nik Antropov in Thrashers zone.
3:24 of 3rd period - David Jones is hit by Marc Staal and loses puck.
3:41 of 3rd period - Shot by Daniel Briere.
3:41 of 3rd period - Shot Misses the Net.
4:06 of 3rd period - Daniel Briere is hit by James Wisniewski and loses puck.
4:18 of 3rd period - Icing by Brenden Morrow.
4:19 of 3rd period - Mike Ribeiro wins face-off versus Jason Spezza in Thrashers zone.
4:19 of 3rd period - Mike Ribeiro is hit by Marian Gaborik.
4:36 of 3rd period - Off-side.
4:37 of 3rd period - Dave Bolland wins face-off versus Sidney Crosby in neutral zone.
4:48 of 3rd period - Shot by Dave Bolland.
4:48 of 3rd period - Deflect By Ryan Malone.
4:48 of 3rd period - Shot Misses the Net.
4:50 of 3rd period - Shot by Dave Bolland.
4:50 of 3rd period - Goal by Dave Bolland - Thrashers : 3 - Senators : 2.
4:51 of 3rd period - Jason Spezza wins face-off versus Antoine Vermette in neutral zone.
5:12 of 3rd period - Shot by Jason Spezza.
5:12 of 3rd period - Shot Blocked by Sergei Gonchar.
5:22 of 3rd period - Shot by Milan Michalek.
5:22 of 3rd period - Goal by Milan Michalek - Thrashers : 3 - Senators : 3.
5:23 of 3rd period - Sidney Crosby wins face-off versus Dave Bolland in neutral zone.
5:28 of 3rd period - Shot by Sidney Crosby.
5:28 of 3rd period - Shot Blocked by Mark Giordano.
5:30 of 3rd period - Shot by Sidney Crosby.
5:30 of 3rd period - Stopped by Roberto Luongo without a rebound.
5:31 of 3rd period - David Steckel wins face-off versus Mike Ribeiro in Thrashers zone.
5:36 of 3rd period - Shot by Patrick Dwyer.
5:36 of 3rd period - Stopped by Roberto Luongo without a rebound.
5:37 of 3rd period - Dave Bolland wins face-off versus Guillaume Latendresse in Thrashers zone.
5:37 of 3rd period - Dave Bolland is hit by Guillaume Latendresse.
5:44 of 3rd period - Off-side.
5:45 of 3rd period - Mike Ribeiro wins face-off versus Jordan Staal in neutral zone.
5:50 of 3rd period - Shot by Brenden Morrow.
5:50 of 3rd period - Shot Blocked by Jordan Staal.
5:54 of 3rd period - Shot by Mike Ribeiro.
5:54 of 3rd period - Shot Misses the Net.
5:58 of 3rd period - Shot by Mike Ribeiro.
5:58 of 3rd period - Goal by Mike Ribeiro - Thrashers : 4 - Senators : 3.
5:59 of 3rd period - Sidney Crosby wins face-off versus Dave Bolland in neutral zone.
6:04 of 3rd period - Shot by Chris Stewart.
6:04 of 3rd period - Shot Misses the Net.
6:06 of 3rd period - Shot by Dion Phaneuf.
6:06 of 3rd period - Goal by Dion Phaneuf - Thrashers : 4 - Senators : 4.
6:07 of 3rd period - Nik Antropov wins face-off versus Marian Gaborik in neutral zone.
6:22 of 3rd period - Shot by Antoine Vermette.
6:22 of 3rd period - Shot Misses the Net.
6:26 of 3rd period - Shot by Nik Antropov.
6:26 of 3rd period - Goal by Nik Antropov - Thrashers : 5 - Senators : 4.
6:26 of 3rd period - Carey Price enters game.
6:27 of 3rd period - Sidney Crosby wins face-off versus Mike Ribeiro in neutral zone.
6:38 of 3rd period - Shot by Martin Erat.
6:38 of 3rd period - Shot Misses the Net.
6:40 of 3rd period - Shot by Brenden Morrow.
6:40 of 3rd period - Shot Blocked by Trevor Daley.
6:44 of 3rd period - Shot by James Wisniewski.
6:44 of 3rd period - Stopped by Carey Price without a rebound.
6:45 of 3rd period - Jordan Staal wins face-off versus Dave Bolland in Senators zone.
6:55 of 3rd period - Shot by Ryan Suter.
6:55 of 3rd period - Stopped by Carey Price without a rebound.
6:56 of 3rd period - Jason Spezza wins face-off versus Nik Antropov in Senators zone.
7:08 of 3rd period - Marian Gaborik is hit by Sergei Gonchar and loses puck.
7:33 of 3rd period - Shot by Marian Gaborik.
7:33 of 3rd period - Shot Blocked by Sergei Gonchar.
7:35 of 3rd period - Shot by Jason Spezza.
7:35 of 3rd period - Shot Blocked by Marc Staal.
7:37 of 3rd period - Shot by Marian Gaborik.
7:37 of 3rd period - Stopped by Roberto Luongo without a rebound.
7:38 of 3rd period - Martin Erat wins face-off versus Sidney Crosby in Thrashers zone.
8:05 of 3rd period - Icing by Sidney Crosby.
8:06 of 3rd period - Ryan Malone wins face-off versus Sidney Crosby in Senators zone.
8:11 of 3rd period - Shot by Ryan Suter.
8:11 of 3rd period - Shot Blocked by Dion Phaneuf.
8:13 of 3rd period - Shot by Ryan Suter.
8:13 of 3rd period - Stopped by Carey Price without a rebound.
8:14 of 3rd period - Dave Bolland wins face-off versus Jordan Staal in Senators zone.
8:17 of 3rd period - Shot by Brad Boyes.
8:17 of 3rd period - Stopped by Carey Price without a rebound.
8:18 of 3rd period - Antoine Vermette wins face-off versus David Steckel in Senators zone.
8:25 of 3rd period - Shot by Rene Bourque.
8:25 of 3rd period - Stopped by Carey Price without a rebound.
8:26 of 3rd period - Dave Bolland wins face-off versus Milan Michalek in Senators zone.
8:29 of 3rd period - Shot by Ryan Malone.
8:29 of 3rd period - Stopped by Carey Price with a rebound.
8:33 of 3rd period - Shot by Dave Bolland.
8:33 of 3rd period - Stopped by Carey Price without a rebound.
8:34 of 3rd period - Mike Ribeiro wins face-off versus Jordan Staal in Senators zone.
9:31 of 3rd period - Chris Stewart is hit by Brenden Morrow and loses puck.
9:35 of 3rd period - Icing by Dion Phaneuf.
9:36 of 3rd period - Sidney Crosby wins face-off versus Nik Antropov in Senators zone.
9:51 of 3rd period - Shot by Chris Stewart.
9:51 of 3rd period - Stopped by Roberto Luongo without a rebound.
9:52 of 3rd period - Jason Spezza wins face-off versus Dave Bolland in Thrashers zone.
9:55 of 3rd period - Shot by Marian Gaborik.
9:55 of 3rd period - Stopped by Roberto Luongo without a rebound.
9:56 of 3rd period - Milan Michalek wins face-off versus Dave Bolland in Thrashers zone.
9:56 of 3rd period - Milan Michalek is hit by Mark Giordano.
10:12 of 3rd period - Shot by Dave Bolland.
10:12 of 3rd period - Shot Misses the Net.
10:14 of 3rd period - Shot by Dave Bolland.
10:14 of 3rd period - Stopped by Carey Price without a rebound.
10:15 of 3rd period - David Steckel wins face-off versus Nik Antropov in Senators zone.
10:35 of 3rd period - Nik Antropov is hit by Jaroslav Spacek and loses puck.
11:05 of 3rd period - Icing by David Steckel.
11:06 of 3rd period - David Steckel wins face-off versus Dave Bolland in Senators zone.
11:11 of 3rd period - Sergei Kostitsyn is hit by Ryan Malone and loses puck.
11:25 of 3rd period - Dave Bolland is hit by Jaroslav Spacek and loses puck.
11:36 of 3rd period - Shot by Ryan Malone.
11:36 of 3rd period - Shot Misses the Net.
11:40 of 3rd period - Shot by Dave Bolland.
11:40 of 3rd period - Goal by Dave Bolland - Thrashers : 6 - Senators : 4.
11:41 of 3rd period - Sidney Crosby wins face-off versus Mike Ribeiro in neutral zone.
12:07 of 3rd period - Shot by Chris Stewart.
12:07 of 3rd period - Stopped by Roberto Luongo with a rebound.
12:58 of 3rd period - Shot by Marian Gaborik.
12:58 of 3rd period - Stopped by Roberto Luongo with a rebound.
13:01 of 3rd period - Minor Penalty to Marc Staal for Hooking.
13:02 of 3rd period - Antoine Vermette wins face-off versus Jason Spezza in Thrashers zone.
13:18 of 3rd period - Icing by Daniel Briere.
13:19 of 3rd period - Antoine Vermette wins face-off versus Daniel Briere in Senators zone.
14:17 of 3rd period - Icing by Filip Kuba.
14:18 of 3rd period - Nik Antropov wins face-off versus Milan Michalek in Senators zone.
15:17 of 3rd period - Shot by Martin Erat.
15:17 of 3rd period - Stopped by Carey Price without a rebound.
15:18 of 3rd period - Jordan Staal wins face-off versus Mike Ribeiro in Senators zone.
16:16 of 3rd period - Ryan Malone is hit by Guillaume Latendresse and loses puck.
16:18 of 3rd period - Minor Penalty to Mark Giordano for Hooking.
16:19 of 3rd period - Antoine Vermette wins face-off versus Jason Spezza in Thrashers zone.
16:39 of 3rd period - Shot by Dion Phaneuf.
16:39 of 3rd period - Shot Blocked by Sergei Gonchar.
16:41 of 3rd period - Shot by Dion Phaneuf.
16:41 of 3rd period - Shot Misses the Net.
17:29 of 3rd period - Shot by Sidney Crosby.
17:29 of 3rd period - Stopped by Roberto Luongo without a rebound.
17:30 of 3rd period - Jason Spezza wins face-off versus Nik Antropov in Thrashers zone.
18:00 of 3rd period - Icing by Marian Gaborik.
18:01 of 3rd period - Jason Spezza wins face-off versus Rene Bourque in Senators zone.
19:21 of 3rd period - Shot by Marc Staal.
19:21 of 3rd period - Shot Blocked by Jay Bouwmeester.
19:23 of 3rd period - Shot by Antoine Vermette.
19:23 of 3rd period - Stopped by Carey Price without a rebound.
19:24 of 3rd period - Chris Stewart wins face-off versus Nik Antropov in Senators zone.
19:35 of 3rd period - Ryan Callahan is hit by Karlis Skrastins and loses puck.


Output by the SimonT Hockey Simulator (STHS) for Stephane Roy -- Original Page W3C XHTML 1.0 Valid